 Dungeon Crawl Stone Soup version 0.22.1-1-ga44c0e5 (webtiles) character file.

92 harcile the Skirmisher (level 4, -2/40 HPs)
             Began as a Hill Orc Fighter on Oct 30, 2018.
             Slain by a gnoll
             ... wielding a +0 whip
              (8 damage)
             ... on level 2 of the Dungeon.
             The game lasted 00:04:14 (1725 turns).

harcile the Skirmisher (Hill Orc Fighter)           Turns: 1725, Time: 00:04:14

Health: -2/40      AC: 11    Str: 23    XL:     4   Next: 60%
Magic:  4/4        EV:  8    Int:  8    God:
Gold:   95         SH:  9    Dex: 10    Spells: 3/3 levels left

rFire    . . .     SeeInvis .   a - +0 long sword
rCold    . . .     Gourm    .   c - +0 shield
rNeg     . . .     Faith    .   s - +1 ring mail {rPois}
rPois    +         Spirit   .   t - +0 helmet
rElec    .         Reflect  .   (no cloak)
rCorr    .         Harm     .   o - +0 pair of gloves (curse)
MR       .....                  (no boots)
Stlth    ..........             (no amulet)
HPRegen  0.13/turn              l - +2 ring of protection
MPRegen  0.09/turn              p - +4 ring of strength

@: no status effects
A: no striking features
a: no special abilities


You were on level 2 of the Dungeon.
You were not hungry.

You visited 1 branch of the dungeon, and saw 3 of its levels.

You collected 95 gold pieces.

Inventory:

Hand Weapons
 a - a +0 long sword (weapon)
Armour
 b - a +0 scale mail
 c - a +0 shield (worn)
 o - a cursed +0 pair of gloves (worn)
 s - a +1 ring mail of poison resistance (worn)
 t - a +0 helmet (worn)
 w - a cursed +0 plate armour
Jewellery
 l - a +2 ring of protection (left hand)
 p - a +4 ring of strength (right hand)
Scrolls
 g - 3 scrolls of remove curse {unknown}
 h - a scroll of enchant weapon {unknown}
 j - 2 scrolls of identify {unknown}
 q - 2 scrolls of teleportation {unknown}
 r - 2 scrolls of enchant armour {unknown}
 u - a scroll of fear {unknown}
 v - a scroll of fog {unknown}
Potions
 d - a potion of might
 e - a potion of degeneration {unknown}
 k - 3 potions of curing {unknown}
 m - a potion of lignification {unknown}
 n - a potion of agility {unknown}
Comestibles
 f - 2 rations


   Skills:
 + Level 4.1 Fighting
 + Level 3.4 Long Blades
 + Level 3.9 Armour
 + Level 4.1 Shields


You had 3 spell levels left.
You didn't know any spells.
Your spell library was empty.

Dungeon Overview and Level Annotations

Branches:
Dungeon (3/15)

Altars:


Message History

You hit the gnoll.
The gnoll is heavily wounded.
The gnoll hits you.
You slash the gnoll!
You kill the gnoll!
You hit the gnoll but do no damage. The gnoll hits you with a whip!
* * * LOW HITPOINT WARNING * * *
You closely miss the gnoll. You block the gnoll's attack.
The gnoll hits you with a whip.
* * * LOW HITPOINT WARNING * * *
You barely miss the gnoll. The gnoll closely misses you.
You riposte.
You hit the gnoll.
The gnoll is moderately wounded.
You hit the gnoll.
The gnoll is severely wounded.
You block the gnoll's attack.
You hit the gnoll but do no damage.
The gnoll is severely wounded.
The gnoll hits you with a whip!
You die...

##########
#........#########
#.####...........#
#.# #.#.#######.# #.#
#(#.# #.#
#######.####.#.# #.#
......#....).#.# #.#
#####.########.###
#.#
...............g@#
#.#
#####.########.###
#.# #.#.#####..# #.#
#.#........#######.##
#.#.................#
#.#######..##########
#..........#
#..........#
#####'##########


You could see a gnoll.

Vanquished Creatures
  2 gnolls (D:2)
  2 oozes
  3 worms (D:2)
  2 dart slugs (D:1)
  3 leopard geckos
  4 bats
  4 giant cockroaches
  7 goblins
  8 hobgoblins
  5 kobolds
  A ball python (D:2)
  2 frilled lizards (D:1)
  4 rats
47 creatures vanquished.

Notes
Turn   | Place    | Note
-------+----------+-------------------------------------------
     0 | D:1      | harcile the Hill Orc Fighter began the quest for the Orb.
     0 | D:1      | Reached XP level 1. HP: 19/19 MP: 1/1
    74 | D:1      | Reached XP level 2. HP: 25/27 MP: 2/2
   355 | D:1      | Reached XP level 3. HP: 23/33 MP: 3/3
  1312 | D:2      | Reached XP level 4. HP: 40/40 MP: 4/4
  1725 | D:2      | Slain by a gnoll

Skill      XL: |  1  2  3  4 |
---------------+-------------+-----
Fighting       | 4 |  4.1
Long Blades    | 3 |  3.4
Shields        | 4 |  4.1
Armour         | |  3.9

Action                   |  1- 3 |  4- 6 || total
-------------------------+-------+-------++-------
Melee: Long sword        |   121 |    43 ||   164
  Eat: Chunk             |     2 |     1 ||     3
Armor: Scale mail        |    51 |       ||    51
       Ring mail         |     6 |    14 ||    20
Dodge: Dodged            |    42 |    11 ||    53
Block: Shield            |    66 |    31 ||    97
       Rpst.: Long sword |    15 |     4 ||    19
